[Event "VII Pontevedra Masters-A 2019"]
[Site "Pontevedra"]
[Date "2019.08.14"]
[Round "9"]
[White "Buitron Ramil, David"]
[Black "Fernandez Lopez, Pedro"]
[Result "1-0"]
[ECO "A07"]
[WhiteElo "1919"]
[BlackElo "1710"]
[Annotator "NA"]
[PlyCount "121"]
[EventDate "2019.??.??"]
[EventCountry "ESP"]
[SourceTitle "playchess.com"]
[Source "ChessBase"]
[SourceQuality "1"]
[TimeControl "5400+30"]

1. Nf3 d5 2. g3 Bf5 3. Bg2 h6 4. O-O e6 5. d3 Nf6 6. Nfd2 c6 7. e4 dxe4 8. dxe4 Bg6 9. a4 Bc5 10. c3 a5 11. Na3 Nbd7 12. Qe1 Ne5 13. Kh1 Nfg4 14. Qe2 Bh5 15. f3 Ne3 16. Nb3 Bxa3 17. Bxe3 Be7 18. g4 Bg6 19. f4 Qd3 20. Qxd3 Nxd3 21. Rab1 f5 22. gxf5 exf5 23. e5 Bf7 24. Nd4 O-O-O 25. Nxf5 Bf8 26. Bb6 Rd7 27. Nd4 Bd5 28. e6 Bxg2+ 29. Kxg2 Rd5 30. Rf3 Nc5 31. b3 Na6 32. Re1 Be7 33. c4 Rh5 34. Ne2 Bb4 35. Rd1 Rf5 36. Re3 Bc5 37. e7 Bxb6 38. e8=Q+ Rxe8 39. Rxe8+ Kc7 40. Re7+ Kb8 41. Rdd7 Nc5 42. Re8+ Ka7 43. Rxg7 Nxb3 44. Ree7 Nc5 45. Nd4 Rxf4 46. Nxc6+ Ka6 47. Ne5 Nxa4 48. Rxb7 Bd4 49. Rbe7 Bxe5 50. Re6+ Nb6 51. Rxe5 Rxc4 52. Rg6 a4 53. Rxh6 a3 54. Re3 Ra4 55. Ree6 a2 56. Rxb6+ Ka7 57. Rbe6 Rg4+ 58. Kh3 a1=Q 59. Ra6+ Qxa6 60. Rxa6+ Kxa6 61. Kxg4 1-0